 Dungeon Crawl Stone Soup version 0.31-a0-1059-g83d41fd8b6 (webtiles) character file.

Game seed: 4189471729140807783

113 Nedwor the Slasher (level 4, -4/35 HPs)
             Began as a Merfolk Gladiator on Nov 21, 2023.
             Slain by a gnoll
             ... wielding a +0 spear
              (8 damage)
             ... on level 3 of the Dungeon.
             The game lasted 00:03:12 (1991 turns).

Nedwor the Slasher (Merfolk Gladiator)              Turns: 1991, Time: 00:03:12

Health: -4/35      AC:  5    Str: 14    XL:     4   Next: 96%
Magic:  4/4        EV: 14    Int:  7    God:
Gold:   55         SH:  0    Dex: 17    Spells: 3/3 levels left

rFire   . . .        a - +0 long sword
rCold   . . .        (no shield)
rNeg    . . .        b - +0 leather armour
rPois   .            c - +0 helmet
rElec   .            n - +0 cloak
rCorr   .            (no gloves)
SInv    .            (no boots)
Will    .....        (no amulet)
Stlth   +            (no ring)
HPRegen 0.25/turn    (no ring)
MPRegen 0.09/turn

%: no passive effects
@: no status effects
A: (nimble swimmer 2), mertail
a: no special abilities


You were on level 3 of the Dungeon.
You visited 1 branch of the dungeon, and saw 3 of its levels.

You collected 55 gold pieces.

Inventory:

Hand Weapons
 a - a +0 long sword (weapon)
Missiles
 d - 3 throwing nets (quivered)
 e - a javelin
Armour
 b - a +0 leather armour (worn)
 c - a +0 helmet (worn)
 n - a +0 cloak (worn)
Jewellery
 o - an amulet of faith
Wands
 p - a wand of flame (26)
Scrolls
 f - a scroll of noise {unknown}
 h - 4 scrolls of identify {unknown}
 j - a scroll of poison {unknown}
Potions
 g - 3 potions of heal wounds {unknown}
 i - a potion of haste {unknown}
 k - a potion of mutation {unknown}
 l - 2 potions of invisibility {unknown}
 m - a potion of might {unknown}


   Skills:
 + Level 3.2 Fighting
 * Level 5.3 Long Blades
 - Level 2.0 Throwing
 + Level 5.0 Dodging


You had 3 spell levels left.
You didn't know any spells.
Your spell library was empty.

Dungeon Overview and Level Annotations

Branches:
Dungeon (3/15)

Altars:

Shops:
D:1 *


Innate Abilities, Weirdness & Mutations

((You are very nimble when in or above water. (Stealth+, EV+, Speed+++)))
Your lower body shifts to a powerful aquatic tail in water.


Message History

The gnoll misses you. The gnoll hits you with a +0 whip.
You are too injured to fight recklessly!
You are too injured to fight recklessly!
You are too injured to fight recklessly!
You are too injured to fight recklessly!
You are too injured to fight recklessly!
You are too injured to fight recklessly!
You are too injured to fight recklessly!
You are too injured to fight recklessly!
You are too injured to fight recklessly!
You are too injured to fight recklessly!
You are too injured to fight recklessly!
You are too injured to fight recklessly!
You are too injured to fight recklessly!
You are too injured to fight recklessly!
You are too injured to fight recklessly!
You are too injured to fight recklessly!
You are too injured to fight recklessly!
You are too injured to fight recklessly!
The gnoll attacks as it pursues you! The gnoll misses you.
The gnoll hits you with a +0 whip.
* * * LOW HITPOINT WARNING * * *
The gnoll attacks as it pursues you! The gnoll barely misses you.
The gnoll attacks as it pursues you! The gnoll misses you.
You barely miss the gnoll.
The gnoll is lightly wounded.
The gnoll misses you. The gnoll barely misses you.
You barely miss the gnoll.
The gnoll is lightly wounded.
The gnoll misses you. The gnoll barely misses you.
You hit the gnoll.
The gnoll is moderately wounded.
The gnoll closely misses you.
The gnoll hits you from afar with a +0 spear.
* * * LOW HITPOINT WARNING * * *
The gnoll barely misses you.
You barely miss the gnoll.
The gnoll is moderately wounded.
The gnoll hits you from afar with a +0 spear!
You die...

#..### ...#
########.###
##..........#
..........#.###
[.........#...###
...##########...##
...# ###..#######.
...# ##@#......<
...# #g#.......
...# #g#)......
...# #....# ...#
####.# ...# .#
...# # #### #####


You could see 2 gnolls.

Vanquished Creatures
  Jessica (D:2)
  A gnoll (D:3)
  An adder (D:2)
  2 worms (D:2)
  2 dart slugs (D:1)
  6 ball pythons
  7 endoplasms
  8 goblins
  6 hobgoblins
  3 jackals (D:1)
  3 quokkas
  4 bats (D:1)
  4 frilled lizards
  A kobold (D:1)
  5 rats
  A butterfly (D:2)
55 creatures vanquished.

Notes
Turn   | Place    | Note
-------+----------+-------------------------------------------
     0 | D:1      | Nedwor the Merfolk Gladiator began the quest for the Orb.
     0 | D:1      | Reached XP level 1. HP: 16/16 MP: 1/1
   226 | D:1      | Reached XP level 2. HP: 17/23 MP: 2/2
   437 | D:1      | Reached XP level 3. HP: 28/28 MP: 3/3
   686 | D:1      | Found Qich's Assorted Antiques.
  1244 | D:2      | Reached XP level 4. HP: 35/35 MP: 4/4
  1626 | D:2      | Reached skill level 5 in Long Blades
  1743 | D:2      | Noticed Jessica
  1749 | D:2      | Killed Jessica
  1948 | D:3      | Identified the +0 scale mail of Cowardice {Regen+}
  1978 | D:3      | Reached skill level 5 in Dodging
  1991 | D:3      | Slain by a gnoll

Illustrated notes

Levels and vault maps discovered:
D:1:      dpeg_arrival_signposts, layout_loops_ring, serial_glass,
          glass_columns_b, glass_columns_a, serial_shops, shop
D:2:      layout_loops_cross, hangedman_glass_garden, kennysheep_jessica_study
D:3:      layout_basic

Skill      XL: |  1  2  3  4 |
---------------+-------------+-----
Long Blades    | 4 5 |  5.3
Fighting       | 3 |  3.2
Dodging        | 5 |  5.0
Throwing       | |  2.0

Action                     |  1- 3 |  4- 6 || total
---------------------------+-------+-------++-------
  Melee: Long sword        |   120 |    48 ||   168
         Punch             |     2 |     2 ||     4
   Stab: Sleeping          |     3 |     1 ||     4
 Armour: Leather armour    |    71 |    18 ||    89
  Dodge: Dodged            |    86 |    48 ||   134

Table legend: (Time is in decaauts)
 A = Elapsed time spent in this place.
 B = Non-inter-level travel time spent in this place.
 C = Inter-level travel time spent in this place.
 D = Time resting spent in this place.
 E = Time spent auto-exploring this place.
 F = Levels seen in this place.
 G = Mean time per level.
                   A        B        C        D        E       F      G
               +--------+--------+--------+--------+--------+-----+--------+
         Total |   2019 |   1921 |     98 |      0 |   1545 |   3 |  673.0 |
       Dungeon |   2019 |   1921 |     98 |      0 |   1545 |   3 |  673.0 |
               +--------+--------+--------+--------+--------+-----+--------+

Top non-repeatable levels by time:
     D:1: 1017 daAuts
     D:2: 918 daAuts
     D:3: 83 daAuts
